 Dungeon Crawl Stone Soup version 0.20.1-1-g8b1a95d (webtiles) character file.

91 Linguinho the Skirmisher (level 4, 0/35 HPs)
             Began as a Demonspawn Monk on Nov 9, 2017.
             Killed by divine providence
             ... invoked by an orc priest
              (15 damage)
             ... on level 4 of the Dungeon.
             The game lasted 00:05:18 (2753 turns).

Linguinho the Skirmisher (Demonspawn Monk)          Turns: 2753, Time: 00:05:19

Health: 0/35       AC:  7    Str: 13    XL:     4   Next: 33%
Magic:  4/4        EV: 10    Int: 11    God:
Gold:   177        SH:  0    Dex: 15    Spells: 3/3 levels left

rFire    . . .     SeeInvis .     - Unarmed
rCold    . . .     Gourm    .   (no shield)
rNeg     . . .     Faith    .   h - +0 scale mail (curse)
rPois    .         Spirit   .   g - +0 helmet
rElec    .         Reflect  .   (no cloak)
rCorr    .         Harm     +   (no gloves)
MR       .....                  (no boots)
Stlth    +.........             f - amulet of harm
Regen    0.2/turn               (no ring)
MPRegen  0.1/turn               (no ring)

@: no status effects
A: claws 1, talons 2
a: no special abilities


You were on level 4 of the Dungeon.
You were near starving.

You visited 1 branch of the dungeon, and saw 4 of its levels.

You collected 177 gold pieces.

Inventory:

Armour
 b - a +0 robe
 g - a +0 helmet (worn)
 h - a cursed +0 scale mail (worn)
Jewellery
 f - an amulet of harm (around neck)
Scrolls
 d - 2 scrolls of amnesia {unknown}
 e - a scroll of immolation {unknown}
 i - a scroll of fear {unknown}
 k - 3 scrolls of teleportation {unknown}
 l - a scroll of enchant weapon {unknown}
 m - 3 scrolls of blinking {unknown}
 n - a scroll of remove curse {unknown}
 o - 3 scrolls of recharging {unknown}
 q - a scroll of enchant armour {unknown}
Potions
 a - 2 potions of curing {unknown}
 j - 2 potions of heal wounds {unknown}
 p - a potion of berserk rage {unknown}
 r - a potion of mutation {unknown}
 s - a potion of flight {unknown}
Comestibles
 c - 5 bread rations
 t - 2 meat rations


   Skills:
 + Level 3.3 Fighting
   Level 2.9 Polearms
 * Level 1.8 Armour
 - Level 2.7 Dodging
 - Level 1.7 Stealth
 * Level 2.2 Unarmed Combat


You had 3 spell levels left.
You didn't know any spells.

Dungeon Overview and Level Annotations

Branches:
Dungeon (4/15)
 Temple: D:4-7

Altars:
Sif Muna
Uskayaw

Annotations:
D:4 Robin


Innate Abilities, Weirdness & Mutations

You have sharp fingernails.
You have razor-sharp toenails.


Message History

The orc hits you with a mace. The orc priest misses you.
The goblin barely misses you.
You scratch the goblin.
You kill the goblin!
The orc hits you but does no damage.
The orc priest looks braver for a moment.
You scratch the orc.
The orc is lightly wounded.
The orc hits you but does no damage.
Your scale mail prevents you from hitting the orc.
Your kick misses the orc.
The orc is lightly wounded.
The orc priest invokes the aid of Beogh against you.
Beogh smites you!
A goblin comes into view.
The goblin shouts!
A hobgoblin comes into view. It is wielding a club.
The orc priest invokes the aid of Beogh against you.
Beogh smites you!
You die...

#.# #.#.)..........## ##.######
#.#.##########.## #.......#
#.#.# #.## #.......# #.#.# #...
#.......####.#.#############
######<...........#............
...............................
######.......###..<............
#.......###@###.##.######## ####
#######...#o#.............# ...#
#####.#.#.#.#.#.........# ...#
#.......#o#.#.#.........# ...#
#....)).#.....#.........#
...#####....oo.#o#####.>########
.........###.#.#g........#####
.........# #o#.o...........(.##
###......# #o##########........


You could see an orc priest, 3 orcs and a hobgoblin.

Vanquished Creatures
  2 adders (D:3)
  A dart slug (D:1)
  An orc (D:4)
  A ball python (D:1)
  4 giant cockroaches
  12 goblins
  6 hobgoblins
  6 jackals
  6 kobolds
  2 quokkas
  8 bats
  7 frilled lizards
  8 rats
64 creatures vanquished.

Notes
Turn   | Place    | Note
-------+----------+-------------------------------------------
     0 | D:1      | Linguinho the Demonspawn Monk began the quest for the Orb.
     0 | D:1      | Reached XP level 1. HP: 18/18 MP: 1/1
   132 | D:1      | Gained mutation: You have sharp fingernails. [demonic ancestry]
   132 | D:1      | Reached XP level 2. HP: 14/24 MP: 2/2
   232 | D:1      | Reached skill level 1 in Armour
   803 | D:1      | Reached skill level 1 in Unarmed Combat
   897 | D:1      | Gained mutation: You have sharp toenails. [demonic ancestry]
   897 | D:1      | Reached XP level 3. HP: 24/29 MP: 3/3
  1787 | D:3      | Found a hide-covered altar of Uskayaw.
  1787 | D:3      | Found a deep blue altar of Sif Muna.
  2193 | D:3      | Gained mutation: You have razor-sharp toenails. [demonic ancestry]
  2193 | D:3      | Reached XP level 4. HP: 31/35 MP: 4/4
  2716 | D:4      | Noticed Robin
  2753 | D:4      | Killed from afar by an orc priest

Skill      XL: |  1  2  3  4 |
---------------+-------------+-----
Armour         | 1 |  1.8
Unarmed Combat | 1 2 |  2.2
Fighting       | |  3.3
Polearms       | |  2.9
Dodging        | |  2.7
Stealth        | |  1.7

Action                   |  1- 3 |  4- 6 || total
-------------------------+-------+-------++-------
Melee: Spear             |    38 |       ||    38
       Unarmed           |   158 |    26 ||   184
       Kick              |    21 |     5 ||    26
 Stab: Sleeping          |     1 |       ||     1
  Eat: Chunk             |     3 |     1 ||     4
Armor: Robe              |    38 |       ||    38
       Scale mail        |    35 |     9 ||    44
Dodge: Dodged            |   134 |    16 ||   150
